 Dungeon Crawl Stone Soup version 0.21-a0-529-g8c7b3f5 (webtiles) character file.

19 Amnesiac the Magician (level 2, 0/17 HPs)
             Began as a Deep Elf Wizard on Dec 10, 2017.
             Slain by a jackal (2 damage)
             ... on level 1 of the Dungeon.
             The game lasted 00:00:59 (450 turns).

Amnesiac the Magician (Deep Elf Wizard)              Turns: 450, Time: 00:01:00

Health: 0/17       AC:  2    Str:  4    XL:     2   Next: 55%
Magic:  0/9        EV: 13    Int: 22    God:
Gold:   57         SH:  0    Dex: 13    Spells: 5/10 levels left

rFire    . . .     SeeInvis .   (no weapon)
rCold    . . .     Gourm    .   (no shield)
rNeg     . . .     Faith    .   a - +0 robe
rPois    .         Spirit   .   b - +0 hat
rElec    .         Reflect  .   (no cloak)
rCorr    .         Harm     .   (no gloves)
MR       .....                  (no boots)
Stlth    ++........             (no amulet)
HPRegen  0.05/turn              (no ring)
MPRegen  0.11/turn              (no ring)

@: very slightly contaminated
A: no striking features
a: no special abilities


You were on level 1 of the Dungeon.
You were not hungry.

You visited 1 branch of the dungeon, and saw 1 of its levels.

You collected 57 gold pieces.

Inventory:

Armour
 a - a +0 robe (worn)
 b - a +0 hat (worn)
Potions
 g - a potion of agility {!q, unknown}
 h - a potion of lignification {!q, unknown}
Books
 c - a book of Minor Magic

   Spells                             Type                      Level
   a - Magic Dart                     Conjuration                  1
   b - Blink                          Translocation                2
   c - Call Imp                       Summoning                    2
   d - Slow                           Hexes                        2
   e - Conjure Flame                  Conjuration/Fire             3
   f - Mephitic Cloud                 Conjuration/Poison/Air       3
Comestibles
 d - a bread ration


   Skills:
 * Level 1.7 Fighting
 - Level 2.4 Dodging
 - Level 2.4 Stealth
 - Level 4.5 Spellcasting
 - Level 1.1 Conjurations
 - Level 1.1 Summonings
 - Level 1.1 Translocations


You had 5 spell levels left.
You knew the following spells:

 Your Spells              Type           Power        Failure   Level  Hunger
a - Magic Dart            Conj           #...         7%          1    None
b - Call Imp              Summ           #.......     11%         2    #......
v - Blink                 Tloc           N/A          11%         2    #......


Dungeon Overview and Level Annotations

Branches:
Dungeon (1/15)

Altars:


Message History

You kill the jackal!
The jackal closely misses you. x2
The jackal bites you but does no damage.
Casting: Magic Dart
Confirm with . or Enter, or press ? or * to list all spells.
You don't have enough magic to cast that spell.
Unknown command.
Okay, then.
Really read
e - a scroll labeled JUITEAS GUEKI {!r}?
As you read the scroll labeled JUITEAS GUEKI {!r}, it crumbles to dust.
You feel aware of your surroundings.
It was a scroll of magic mapping {!r}.
The jackal barely misses you. The jackal closely misses you.
The jackal bites you but does no damage.
Really quaff
f - a puce potion {!q}?
It was a potion of curing {!q}.
You feel better. The jackal closely misses you. x2
Casting: Magic Dart
Confirm with . or Enter, or press ? or * to list all spells.
Aiming: Magic Dart
Press: ? - help, Shift-Dir - straight line, f - jackal
Aim: a jackal The magic dart hits the jackal.
The jackal is heavily wounded.
The jackal bites you. x2; The jackal barely misses you.
You barely miss the jackal.
The jackal is moderately wounded.
The jackal closely misses you. The jackal misses you. The jackal bites you.
You barely miss the jackal.
The jackal is moderately wounded.
The jackal bites you. The jackal misses you. The jackal barely misses you.
You closely miss the jackal.
The jackal is moderately wounded.
The jackal barely misses you. The jackal closely misses you. x2
You hit the jackal.
The jackal is heavily wounded.
The jackal misses you. The jackal bites you.
You hit the jackal.
The jackal is severely wounded.
The jackal closely misses you. x2; The jackal bites you.
You miss the jackal.
The jackal is severely wounded.
The jackal closely misses you. x2; The jackal bites you.
* * * LOW HITPOINT WARNING * * *
You closely miss the jackal.
The jackal is severely wounded.
The jackal bites you but does no damage.
The jackal bites you.
* * * LOW HITPOINT WARNING * * *
The jackal closely misses you.
You hit the jackal.
The jackal is almost dead.
The jackal bites you.
* * * LOW HITPOINT WARNING * * *
The jackal barely misses you. The jackal bites you.
* * * LOW HITPOINT WARNING * * *
Casting: Magic Dart
Confirm with . or Enter, or press ? or * to list all spells.
Aiming: Magic Dart
Press: ? - help, Shift-Dir - straight line, f/p - jackal
Aim: a jackal (severely wounded)
The magic dart hits the jackal.
You kill the jackal!
The jackal closely misses you. The jackal bites you.
You die...

,#.###.##.# #,*#.
.†..##.##.########## #.##.
.....#.##h##...h...# #....
....##.##†##.#####.# ######.
.#.###.##.##.# #.# ###...##.
....,..##....# #.# #........
##.#*#######.# #.# #......†.
*#+#* #.#####.# #.......# *,,,**
#....@h†# #.......# ,,,,,**
####.#### ###...### ,,,,,,**
##.##.#### ##....###
,,,,,,,***#........######........
,,,,,,,+.........................
,,,,,,,*###....###.###.###...##..
,,,,,,** ##.#.....# #.# #...*#.#
,,,,,** ###.##### #.###.##*#.#
*,,,** #.* #.....# #.#


You could see a jackal.

Vanquished Creatures
  A dart slug (D:1)
  3 bats (D:1)
  2 goblins (D:1)
  A hobgoblin (D:1)
  3 jackals (D:1)
  A frilled lizard (D:1)
  2 kobolds (D:1)
  2 rats (D:1)
15 creatures vanquished.

Notes
Turn   | Place    | Note
-------+----------+-------------------------------------------
     0 | D:1      | Amnesiac the Deep Elf Wizard began the quest for the Orb.
     0 | D:1      | Reached XP level 1. HP: 10/10 MP: 7/7
   158 | D:1      | Reached skill level 1 in Fighting
   227 | D:1      | Reached XP level 2. HP: 14/16 MP: 4/9
   235 | D:1      | Learned a level 2 spell: Call Imp
   238 | D:1      | Learned a level 2 spell: Blink
   450 | D:1      | Slain by a jackal

Vault maps used:
D:1:      dpeg_arrival_stone_temple_mockup, minmay_pentomino_v4

Skill      XL: |  1 |
---------------+----+-----
Fighting       | 1 |  1.7
Dodging        | |  2.4
Stealth        | |  2.4
Spellcasting   | |  4.5
Conjurations   | |  1.1
Summonings     | |  1.1
Translocations | |  1.1

Action                   || total
-------------------------++-------
Melee: Unarmed           ||    12
 Cast: Magic Dart        ||    39
  Use: Scroll            ||     1
       Potion            ||     1
Armor: Robe              ||     7
Dodge: Dodged            ||    43

Table legend:
 A = Spawn XP
 B = Non-spawn XP
 C = Spawn XP percentage of total XP
 D = Spawn monster count
 E = Non-spawn monster count
 F = Spawn count percentage of total count
 G = Total turns spent on level
                    A         B        C        D         E        F      G
               +---------+---------+-------+---------+---------+-------+---------
         Total |       0 |      28 |   0.0 |       0 |      15 |   0.0 |   450
               +---------+---------+-------+---------+---------+-------+---------
           D:1 |       0 |      28 |   0.0 |       0 |      15 |   0.0 |   450
               +---------+---------+-------+---------+---------+-------+---------
